 Dungeon Sprint DCSS version 0.30-a0-219-gf2db51d15e (webtiles) character file.

Game seed: 12415520156860405997

65 rocky1 the Trooper (level 3, -2/35 HPs)
             Began as a Draconian Monk on Oct 8, 2022.
             Was a High Priest of Cheibriados.
             Slain by a gnoll
             ... wielding a +0 spear
             ... led by a gnoll bouda
              (5 damage)
             ... in the Dungeon (Sprint VII: "The Pits").
             The game lasted 00:01:09 (168 turns).

rocky1 the Trooper (Draconian Monk)                  Turns: 168, Time: 00:01:09

Health: -2/35      AC:  5    Str: 26    XL:     3   Next: 92%
Magic:  4/6        EV: 15    Int: 21    God:    Cheibriados [*****.]
Gold:   0          SH:  0    Dex: 24    Spells: 7/7 levels left

rFire   . . .      SeeInvis .      - Unarmed
rCold   . . .      Faith    .    (no shield)
rNeg    . . .      Spirit   .    (body armour unavailable)
rPois   .          Reflect  .    (helmet restricted)
rElec   .          Harm     .    (no cloak)
rCorr   .          Rampage  .    (no gloves)
Will    .....      NoTele   +    (no boots)
Stlth   +++.......               (no amulet)
HPRegen 0.25/turn                (no ring)
MPRegen 0.10/turn                (no ring)

@: on berserk cooldown, slowed, very slow
A: AC +5, unfitting armour, cold-blooded
a: Renounce Religion, Bend Time, Temporal Distortion, Slouch, Step From Time


You were in the Dungeon.
You worshipped Cheibriados.
Cheibriados was extremely pleased with you.
You visited 1 branch

Inventory:

Scrolls
 g - a scroll of blinking
 i - 5 scrolls of amnesia
 j - a scroll of summoning
Potions
 a - a potion of ambrosia
 b - a potion of curing
 d - a potion of haste
 e - 4 potions of magic
 f - 2 potions of berserk rage
 h - 2 potions of invisibility


   Skills:
 + Level 4.9 Fighting
 + Level 3.9 Dodging
 + Level 3.6 Stealth
 + Level 4.2 Unarmed Combat
 + Level 2.5 Spellcasting
 + Level 2.7 Invocations


You had 7 spell levels left.
You didn't know any spells.
Your spell library was empty.

Dungeon Overview and Level Annotations

Branches:
Dungeon (1/1)

Altars:
Ashenzari
Cheibriados
Dithmenos
Elyvilon
Fedhas
Gozag
Hepliaklqana
Kikubaaqudgha
Makhleb
Nemelex Xobeh
Okawaru
Qazlal
Ru
Sif Muna
Trog
Uskayaw
Vehumet
Wu Jian
Xom
Yredelemnul
Zin
The Shining One
Jiyva
Lugonu


Innate Abilities, Weirdness & Mutations

Your plain brown scales are hard. (AC +5)
You cannot fit into any form of body armour.
You are cold-blooded and may be slowed by cold attacks.


Message History

The gnoll hits you from afar with a +0 spear.
You barely miss the quokka skeleton. You tail-slap the quokka skeleton!
You destroy the quokka skeleton!
Cheibriados appreciates the change of pace.
You can now step out of the flow of time.
Cheibriados raises the support of your attributes as your movement slows.
The gnoll completely misses you.
You punch the gnoll bouda!
The gnoll bouda is heavily wounded.
The gnoll hits you from afar with a +0 spear.
The gnoll bouda gazes fiercely through you!
You feel your attacks grow feeble. The gnoll bouda completely misses you.
You closely miss the gnoll bouda.
Your tail-slap misses the gnoll bouda.
The gnoll bouda is heavily wounded.
The gnoll hits you from afar with a +0 spear.
The gnoll misses you.
The gnoll bouda calls upon its god to heal the gnoll.
The gnoll is healed somewhat.
You hit the gnoll bouda.
The gnoll bouda is severely wounded.
The gnoll hits you from afar with a +0 spear. x2
You punch the gnoll bouda!
You kill the gnoll bouda!
Cheibriados appreciates the change of pace.
The gnoll hits you from afar with a +0 spear.
* * * LOW HITPOINT WARNING * * *
The gnoll barely misses you.
Your Unarmed Combat skill increases to level 4!
You are no longer berserk.
You are exhausted.
You feel yourself slow down. The gnoll hits you with a +0 spear.
* * * LOW HITPOINT WARNING * * *
The gnoll barely misses you. The gnoll closely misses you. x2
There is an open door, spattered with blood here.
You hit the gnoll.
Your tail-slap misses the gnoll.
The gnoll is lightly wounded.
Your attacks no longer feel as feeble.
The gnoll misses you. The gnoll hits you with a +0 spear.
You die...

##########.##........
#...........'........
#+#####'#####......#.
#.†#..# #........
#..'..# ####'####
#..#### #.......#
#..# #.......# #).#
#.......# ##@#
#...<...#
#.gg..Z..##.......#
#........##.......#
###########.......#
#########


You could see 2 gnolls and a ball python skeleton.

Vanquished Creatures
  A gnoll bouda (D)
  2 gnolls (D)
  2 ufetubi (D)
  An endoplasm (D)
  A quokka (D)
  A ball python (D)
  A ball python zombie (D)
  A frilled lizard (D)
  A quokka skeleton (D)
11 creatures vanquished.

Notes
Turn   | Place    | Note
-------+----------+-------------------------------------------
     0 | D        | rocky1 the Draconian Monk began the quest for the Orb.
     0 | D        | Reached XP level 1. HP: 19/19 MP: 1/1
    20 | D        | Reached skill level 1 in Spellcasting
    78 | D        | Found a bloodstained altar of Trog.
    78 | D        | Found a shimmering blue altar of Sif Muna.
    78 | D        | Found a viscous altar of Jiyva.
    78 | D        | Found a hazy altar of Hepliaklqana.
    78 | D        | Found an opulent altar of Gozag.
    79 | D        | Found a glowing golden altar of the Shining One.
    79 | D        | Found a glowing silver altar of Zin.
    79 | D        | Found a basalt altar of Yredelemnul.
    79 | D        | Found a shimmering altar of Xom.
    79 | D        | Found an ornate altar of the Wu Jian Council.
    79 | D        | Found a sacrificial altar of Ru.
    79 | D        | Found a stormy altar of Qazlal.
    79 | D        | Found an iron altar of Okawaru.
    79 | D        | Found a sparkling altar of Nemelex Xobeh.
    79 | D        | Found a burning altar of Makhleb.
    79 | D        | Found a blossoming altar of Fedhas.
    79 | D        | Found a white marble altar of Elyvilon.
    79 | D        | Found a shadowy altar of Dithmenos.
    79 | D        | Found a snail-covered altar of Cheibriados.
    82 | D        | Found a corrupted altar of Lugonu.
    82 | D        | Found a radiant altar of Vehumet.
    83 | D        | Found an ancient bone altar of Kikubaaqudgha.
    83 | D        | Found a hide-covered altar of Uskayaw.
    83 | D        | Found a broken altar of Ashenzari.
    90 | D        | Became a worshipper of Cheibriados the Contemplative
    90 | D        | Reached * piety under Cheibriados
    90 | D        | Reached ** piety under Cheibriados
   112 | D        | Reached XP level 2. HP: 27/27 MP: 4/4
   116 | D        | Reached skill level 1 in Invocations
   123 | D        | Reached *** piety under Cheibriados
   152 | D        | Reached **** piety under Cheibriados
   161 | D        | Reached XP level 3. HP: 28/34 MP: 4/6
   162 | D        | Reached ***** piety under Cheibriados
   168 | D        | Slain by a gnoll

Illustrated notes

Levels and vault maps discovered:
D:        pitsprint [storerooms_1, entrance_room_1, metal_vault_8, armoury_1,
          mini_pit_1, grid_room_1, main_hall_1, silver_pit, the_coven_1,
          the_vestibule_1, steel_vault_3, golden_pit, hallway_of_sentries,
          crystal_vault_2, iron_vault_2, final_vault]

Skill      XL: |  1  2  3 |
---------------+----------+-----
Dodging        | 3 |  3.9
Stealth        | 2 3 |  3.6
Spellcasting   | 1 2 |  2.5
Invocations    | 2 |  2.7
Fighting       | 4 |  4.9
Unarmed Combat | 4 |  4.2

Action                   || total
-------------------------++-------
Melee: Unarmed           ||    41
       Tailslap          ||     3
  Use: Potion            ||     2
 Stab: Sleeping          ||     1
Armor: Skin              ||    13
Dodge: Dodged            ||    52

Table legend: (Time is in decaauts)
 A = Elapsed time spent in this place.
 B = Non-inter-level travel time spent in this place.
 C = Inter-level travel time spent in this place.
 D = Time resting spent in this place.
 E = Time spent auto-exploring this place.
 F = Levels seen in this place.
 G = Mean time per level.
                   A        B        C        D        E       F      G
               +--------+--------+--------+--------+--------+-----+--------+
         Total |    184 |    184 |      0 |     43 |      0 |   1 |  184.0 |
       Dungeon |    184 |    184 |      0 |     43 |      0 |   1 |  184.0 |
               +--------+--------+--------+--------+--------+-----+--------+

Top non-repeatable levels by time:
       D: 184 daAuts
